 Dungeon Crawl Stone Soup version 0.31-a0-507-gbafd7f5274 (webtiles) character file.

Game seed: 16312518482129511012

258 oldmanjim the Ducker (level 5, -3/25 HPs)
             Began as a Spriggan Hunter on Aug 9, 2023.
             Killed by divine providence
             ... invoked by an orc priest
              (13 damage)
             ... on level 2 of the Dungeon.
             The game lasted 00:09:09 (2026 turns).

oldmanjim the Ducker (Spriggan Hunter)              Turns: 2026, Time: 00:09:09

Health: -3/25      AC:  2    Str:  7    XL:     5   Next: 94%
Magic:  6/6        EV: 26    Int: 10    God:
Gold:   212        SH:  0    Dex: 21    Spells: 4/4 levels left

rFire   . . .        a - +0 shortbow
rCold   . . .        (shield currently unavailable)
rNeg    . . .        c - +0 robe
rPois   .            (helmet restricted)
rElec   .            (no cloak)
rCorr   .            (gloves unavailable)
SInv    +            (boots unavailable)
Will    .....        (no amulet)
Stlth   ++           g - +5 ring of evasion
HPRegen 0.24/turn    (no ring)
MPRegen 0.10/turn

%: no passive effects
@: very quick
A: very small, no large weapons, unfitting armour, see invisible, speed 3
a: no special abilities


You were on level 2 of the Dungeon.
You visited 1 branch of the dungeon, and saw 3 of its levels.

You collected 212 gold pieces.

Inventory:

Hand Weapons
 a - a +0 shortbow (weapon)
 b - a +0 short sword of venom
 l - a +1 hand axe of flaming
Missiles
 d - 9 stones
 k - 18 poisoned darts
Armour
 c - a +0 robe (worn)
Jewellery
 g - a +5 ring of evasion (left hand)
Wands
 n - a wand of paralysis (8)
Scrolls
 e - a scroll of butterflies
 f - 5 scrolls of teleportation {unknown}
 h - 2 scrolls of amnesia {unknown}
 j - 3 scrolls of identify {unknown}
 m - a scroll of torment {unknown}
 o - 2 scrolls of poison {unknown}
 p - a scroll of noise {unknown}
Potions
 i - 2 potions of curing {unknown}
 q - a potion of invisibility {unknown}


   Skills:
 - Level 1.6 Fighting
 + Level 5.8 Ranged Weapons
 + Level 6.1 Dodging
 - Level 1.7 Stealth


You had 4 spell levels left.
You didn't know any spells.
Your spell library contained the following spells:

 Spells                   Type           Power      Damage    Failure   Level
 Magic Dart               Conj           0%         1d3       36%         1
 Call Imp                 Summ           0%         N/A       50%         2
 Mephitic Cloud           Conj/Pois/Air  0%         N/A       75%         3


Dungeon Overview and Level Annotations

Branches:
Dungeon (3/15)

Altars:
Nemelex Xobeh

Shops:
D:1 =


Innate Abilities, Weirdness & Mutations

You are very small and have problems with some larger weapons.
You are too small for most types of armour.
You have supernaturally acute eyesight. (SInv)
You cover ground extremely quickly. (Speed+++)


Message History

You shoot an arrow.
The arrow closely misses the orc priest.
The arrow hits the orc priest.
The orc priest is almost dead.
You shoot an arrow. The arrow hits the orc priest.
The orc priest is moderately wounded.
The orc priest calls upon Beogh to heal the orc priest.
The orc priest is healed somewhat.
You shoot an arrow. The arrow hits the orc priest!
The orc priest is almost dead.
The orc priest completely misses you. The orc priest hits you with a +0 mace.
You shoot an arrow.
The arrow hits the orc priest but does no damage.
The orc priest is almost dead.
The orc priest calls down the wrath of Beogh upon you.
Pain shoots through your body! The orc priest misses you.
You shoot an arrow.
The arrow hits the orc priest but does no damage.
The orc priest is almost dead.
The orc priest misses you. x2; The orc completely misses you.
You shoot an arrow.
The arrow closely misses the orc priest.
The orc priest calls upon Beogh to heal the orc priest.
The orc priest is healed somewhat.
The orc priest barely misses you. The orc closely misses you.
You shoot an arrow. The arrow barely misses the orc priest.
The orc priest calls down the wrath of Beogh upon you.
Pain shoots through your body! The orc priest closely misses you.
The orc closely misses you.
You are too injured to fight recklessly!
The orc completely misses you.
The orc priest calls upon Beogh to heal the orc priest.
The orc priest is healed somewhat.
The orc priest completely misses you. The orc completely misses you.
You climb upwards.
There is a stone staircase leading down here.
The orc priest calls down the wrath of Beogh upon you.
Beogh smites you!
Ouch! That really hurt!
You die...

....#.##.....................###.
....#..#.......####........<.....
....##.#........###...........##.
....##...........##..........#...
.................##..........#.##
......#....>..................)##
.....##.....o....#...............
.....##......oo............P♣....
....####....o...@.##.....P.♣)...#
##### #..........####....♣.......
#...............#..........
#..........................
#..........###.##..........
#..........##..........####
##............###...##)# #
##.......##.####....÷.##
###########...####.##...#.....###


You could see 2 orc priests and 2 orcs.

Vanquished Creatures
  A hound (D:2)
  Jessica (D:3)
  Natasha (thrice) (D:3)
  An orc wizard (D:3)
  3 adders
  2 worms (D:2)
  A dart slug (D:3)
  4 orcs
  7 endoplasms
  A giant cockroach (D:3)
  6 goblins
  5 hobgoblins
  4 jackals (D:1)
  2 quokkas
  6 ball pythons
  3 bats
  4 frilled lizards
  6 kobolds
  6 rats
66 creatures vanquished.

Notes
Turn   | Place    | Note
-------+----------+-------------------------------------------
     0 | D:1      | oldmanjim the Spriggan Hunter began the quest for the Orb.
     0 | D:1      | Reached XP level 1. HP: 10/10 MP: 2/2
   261 | D:1      | Found Imafawku's Jewellery Shop.
   267 | D:1      | Reached skill level 3 in Dodging
   440 | D:1      | Reached XP level 2. HP: 14/14 MP: 3/3
   887 | D:2      | Reached XP level 3. HP: 18/18 MP: 4/4
   929 | D:2      | Reached skill level 4 in Dodging
  1023 | D:2      | Identified the +2 dagger of Precise Incision {heavy, Str+3}
  1275 | D:3      | Noticed Natasha
  1275 | D:3      | Found a sparkling altar of Nemelex Xobeh.
  1321 | D:2      | Reached skill level 5 in Ranged Weapons
  1321 | D:2      | Reached XP level 4. HP: 9/22 MP: 5/5
  1419 | D:3      | Reached skill level 5 in Dodging
  1426 | D:3      | Noticed Jessica
  1456 | D:3      | Killed Jessica
  1457 | D:3      | Reached XP level 5. HP: 23/25 MP: 6/6
  1570 | D:3      | Killed Natasha
  1688 | D:3      | Found a faded altar of an unknown god.
  1824 | D:3      | Noticed Natasha
  1833 | D:3      | Killed Natasha
  1989 | D:3      | Noticed Natasha
  2000 | D:3      | Killed Natasha
  2001 | D:3      | Reached skill level 6 in Dodging
  2026 | D:2      | Killed from afar by an orc priest

Illustrated notes

Levels and vault maps discovered:
D:1:      tarquinn_simple_flora_water_f, layout_loops_corners, serial_shops,
          nicolae_shop_tiny_statue_garden
D:2:      layout_rooms, serial_park_tiny_2
D:3:      layout_rooms, mainiacjoe_overflow_alcove_1,
          hellmonk_ecumenical_altar_lost_god, serial_forest,
          infiniplex_forest_clump_tiny, infiniplex_forest_clump_large,
          infiniplex_forest_end_2, infiniplex_forest_straight_4,
          infiniplex_forest_lined_corner, infiniplex_forest_end_3,
          infiniplex_forest_clump_diagonal, kennysheep_another_room,
          st_stairs_1, kennysheep_generic_room_4, uniq_jessica, uniq_natasha

Skill      XL: |  1  2  3  4  5 |
---------------+----------------+-----
Dodging        | 3 4 5 6 |  6.1
Ranged Weapons | 5 |  5.8
Fighting       | |  1.6
Stealth        | |  1.7

Action                     |  1- 3 |  4- 6 || total
---------------------------+-------+-------++-------
   Fire: Shortbow          |   133 |   106 ||   239
 Armour: Robe              |     1 |       ||     1
  Dodge: Dodged            |    42 |    58 ||   100

Table legend: (Time is in decaauts)
 A = Elapsed time spent in this place.
 B = Non-inter-level travel time spent in this place.
 C = Inter-level travel time spent in this place.
 D = Time resting spent in this place.
 E = Time spent auto-exploring this place.
 F = Levels seen in this place.
 G = Mean time per level.
                   A        B        C        D        E       F      G
               +--------+--------+--------+--------+--------+-----+--------+
         Total |   1449 |   1414 |     35 |     56 |    922 |   3 |  483.0 |
       Dungeon |   1449 |   1414 |     35 |     56 |    922 |   3 |  483.0 |
               +--------+--------+--------+--------+--------+-----+--------+

Top non-repeatable levels by time:
     D:1: 562 daAuts
     D:3: 478 daAuts
     D:2: 409 daAuts
